 Dungeon Crawl Stone Soup version 0.31-a0-7-g51783674b7 (webtiles) character file.

Game seed: 9540729450352993905

11 sircluck the Poker (level 2, 0/25 HPs)
             Began as a Minotaur Gladiator on May 5, 2023.
             Slain by a goblin
             ... wielding a +0 club
              (1 damage)
             ... on level 1 of the Dungeon.
             The game lasted 00:00:11 (251 turns).

sircluck the Poker (Minotaur Gladiator)              Turns: 251, Time: 00:00:12

Health: 0/25       AC:  3    Str: 18    XL:     2   Next: 13%
Magic:  1/1        EV: 12    Int:  5    God:
Gold:   26         SH:  0    Dex: 11    Spells: 1/1 levels left

rFire   . . .        a - +0 trident
rCold   . . .        (no shield)
rNeg    . . .        b - +0 leather armour
rPois   .            c - +0 hat
rElec   .            (no cloak)
rCorr   .            (no gloves)
SInv    .            (no boots)
Will    .....        (no amulet)
Stlth   +            (no ring)
HPRegen 0.24/turn    (no ring)
MPRegen 0.07/turn

%: no passive effects
@: no status effects
A: horns 2, retaliatory headbutt
a: no special abilities


You were on level 1 of the Dungeon.
You visited 1 branch of the dungeon, and saw 1 of its levels.

You collected 26 gold pieces.

Inventory:

Hand Weapons
 a - a +0 trident (weapon)
Missiles
 d - 3 throwing nets (quivered)
 e - a javelin
Armour
 b - a +0 leather armour (worn)
 c - a +0 hat (worn)
Scrolls
 g - 4 scrolls of enchant weapon {unknown}
Potions
 f - a potion of attraction {unknown}
 h - a potion of flight {unknown}


   Skills:
 + Level 2.5 Fighting
 + Level 4.1 Polearms
 + Level 2.1 Throwing
 + Level 3.5 Dodging


You had one spell level left.
You didn't know any spells.
Your spell library was empty.

Dungeon Overview and Level Annotations

Branches:
Dungeon (1/15)

Altars:


Innate Abilities, Weirdness & Mutations

You have a pair of horns on your head.
You reflexively headbutt those who attack you in melee.


Message History

You kill the frilled lizard!
The hobgoblin closely misses you. The bat hits you but does no damage.
The hobgoblin closely misses you. You furiously retaliate!
You headbutt the hobgoblin!
You kill the hobgoblin!
The goblin misses you. The bat misses you. The bat hits you.
The goblin hits you but does no damage. The bat misses you.
The goblin barely misses you. The bat barely misses you.
The goblin hits you with a +0 club. The goblin hits you with a +0 club.
The bat hits you but does no damage. The bat barely misses you.
The goblin hits you with a +0 club. The bat hits you but does no damage.
The goblin hits you with a +0 club. The goblin hits you with a +0 club.
The bat closely misses you. The bat hits you but does no damage.
The goblin closely misses you. The bat hits you but does no damage.
The goblin hits you with a +0 club. The goblin hits you with a +0 club.
* * * LOW HITPOINT WARNING * * *
The goblin hits you but does no damage. The bat misses you. The bat hits you.
* * * LOW HITPOINT WARNING * * *
The goblin hits you with a +0 club.
* * * LOW HITPOINT WARNING * * *
The bat barely misses you. The goblin hits you but does no damage.
The goblin closely misses you. The bat hits you.
* * * LOW HITPOINT WARNING * * *
The bat barely misses you. You furiously retaliate!
You headbutt the bat.
You kill the bat!
The goblin hits you with a +0 club.
* * * LOW HITPOINT WARNING * * *
The goblin misses you. The goblin hits you with a +0 club.
* * * LOW HITPOINT WARNING * * *
The goblin hits you with a +0 club.
* * * LOW HITPOINT WARNING * * *
The goblin hits you but does no damage. The goblin misses you.
The goblin hits you with a +0 club.
You die...

##..# #.....#
#.# ##.#
#.....# #.# #..
####### #.# #.#
#.# #.# #.# #.#
#@#
......g........
#............?.
#.........#####
#.......###
...###..# ##.
.>## . ..


You could see a goblin.

Vanquished Creatures
  An endoplasm (D:1)
  A goblin (D:1)
  2 hobgoblins (D:1)
  A kobold (D:1)
  A ball python (D:1)
  4 bats (D:1)
  A frilled lizard (D:1)
11 creatures vanquished.

Notes
Turn   | Place    | Note
-------+----------+-------------------------------------------
     0 | D:1      | sircluck the Minotaur Gladiator began the quest for the
                  | Orb.
     0 | D:1      | Reached XP level 1. HP: 18/18 MP: 0/0
   219 | D:1      | Reached skill level 4 in Polearms
   219 | D:1      | Reached XP level 2. HP: 25/25 MP: 1/1
   247 | D:1      | HP: 1/25 [goblin/+0 club (1)]
   251 | D:1      | Slain by a goblin

Illustrated notes

Levels and vault maps discovered:
D:1:      ncdulo_smallfort, layout_basic, minmay_tromino_i4

Skill      XL: |  1 |
---------------+----+-----
Polearms       | 4 |  4.1
Fighting       | |  2.5
Throwing       | |  2.1
Dodging        | |  3.5

Action                     || total
---------------------------++-------
  Melee: Trident           ||    13
 Armour: Leather armour    ||    14
  Dodge: Dodged            ||    23

Table legend: (Time is in decaauts)
 A = Elapsed time spent in this place.
 B = Non-inter-level travel time spent in this place.
 C = Inter-level travel time spent in this place.
 D = Time resting spent in this place.
 E = Time spent auto-exploring this place.
 F = Levels seen in this place.
 G = Mean time per level.
                   A        B        C        D        E       F      G
               +--------+--------+--------+--------+--------+-----+--------+
         Total |    252 |    252 |      0 |      0 |    182 |   1 |  252.0 |
       Dungeon |    252 |    252 |      0 |      0 |    182 |   1 |  252.0 |
               +--------+--------+--------+--------+--------+-----+--------+

Top non-repeatable levels by time:
     D:1: 252 daAuts
